| TOP OF THE 1ST |
|
Boston Red Sox batting - Pitching for Montreal Expos : RHP Julian Black
|
|
Pitching: RHP Julian Black
|
|
|
Batting: RHB Elijah Campbell
|
0-0: Ball 1-0: Foul Ball, location: 2F 1-1: Called Strike 1-2: Strikes out swinging
|
|
Batting: LHB Tim Fuller
|
0-0: Ground out 5-3 (Groundball, 15, EV 90.0 MPH)
|
|
Batting: LHB Kevin McCormic Jr.
|
0-0: Ball 1-0: Ground out 4-3 (Groundball, 4, EV 89.4 MPH)
|
| Top of the 1st over - 0 runs, 0 hits, 0 errors, 0 left on base; Boston 0 - Montreal 0 |
| BOTTOM OF THE 1ST |
|
Montreal Expos batting - Pitching for Boston Red Sox : RHP Reece Nichols
|
|
Pitching: RHP Reece Nichols
|
|
|
Batting: LHB Bill McGregor
|
0-0: Called Strike 0-1: Foul Ball, location: 2F 0-2: SINGLE (Groundball, 5L, EV 101.9 MPH)
|
|
Batting: RHB Steve French
|
0-0: Called Strike 0-1: Foul Ball, location: 2F 0-2: Ball 1-2: Ball 2-2: Foul Ball, location: 2F 2-2: DOUBLE (Line Drive, 9LM, EV 105.0 MPH) Bill McGregor to third Runner from 3rd tries for Home, SAFE, throw by RF to home
|
|
Batting: SHB Joey Pacheco
|
0-0: Ball 1-0: Ball 2-0: Ball 3-0: Base on Balls
|
|
Batting: LHB Austin Ohmer
|
0-0: Called Strike 0-1: Foul Ball, location: 2F 0-2: Ball 1-2: Foul Ball, location: 2F 1-2: SINGLE (Groundball, 4D, EV 95.6 MPH) Steve French to third Joey Pacheco to second
|
|
Batting: RHB Jonathan Fraire
|
0-0: SINGLE (Groundball, 25, EV 61.9 MPH) (infield hit) Steve French scores Joey Pacheco to third Austin Ohmer to second
|
|
Batting: LHB Steve Anderson
|
0-0: Swinging Strike 0-1: Called Strike 0-2: Foul Ball, location: 2F 0-2: Ball 1-2: Ball 2-2: Ball 3-2: Fly out, F8 (Line Drive, 8LM, EV 92.5 MPH)
|
|
Batting: LHB Eric Toney
|
0-0: Grounds into double play, 3-6-1 (Groundball, 34, EV 103.8 MPH)
|
| Bottom of the 1st over - 2 runs, 4 hits, 0 errors, 2 left on base; Boston 0 - Montreal 2 |
| TOP OF THE 2ND |
|
Boston Red Sox batting - Pitching for Montreal Expos : RHP Julian Black
|
|
Batting: RHB David Price Jr.
|
0-0: Ball 1-0: Foul Ball, location: 2F 1-1: Foul Ball, location: 2F 1-2: Fly out, F7 (Flyball, 78M, EV 90.0 MPH)
|
|
Batting: LHB Jarrett Mordecai
|
0-0: Ball 1-0: Called Strike 1-1: Ground out 6-3 (Groundball, 56, EV 76.9 MPH)
|
|
Batting: LHB Sakae Kasahara
|
0-0: Swinging Strike 0-1: Ball 1-1: Ball 2-1: Ball 3-1: Foul Ball, location: 2F 3-2: Foul Ball, location: 2F 3-2: Ground out 1-3 (Groundball, 15S, EV 76.2 MPH)
|
| Top of the 2nd over - 0 runs, 0 hits, 0 errors, 0 left on base; Boston 0 - Montreal 2 |
| BOTTOM OF THE 2ND |
|
Montreal Expos batting - Pitching for Boston Red Sox : RHP Reece Nichols
|
|
Batting: RHB Tommie Eaton
|
0-0: Foul Ball, location: 2F 0-1: Called Strike 0-2: Ball 1-2: SOLO HOME RUN (Line Drive, 78XD, EV 106.2 MPH), Distance : 401 ft
|
|
Batting: RHB Eugênio Asceno
|
0-0: Ball 1-0: Ball 2-0: Fly out, F9 (Line Drive, 9S, EV 90.0 MPH)
|
|
Batting: LHB Bill McGregor
|
0-0: Fly out, F8 (Flyball, 8LS, EV 83.8 MPH)
|
|
Batting: RHB Steve French
|
0-0: Swinging Strike 0-1: Called Strike 0-2: SINGLE (Groundball, 56D, EV 103.1 MPH)
|
|
Batting: SHB Joey Pacheco
|
0-0: Ball 1-0: Swinging Strike 1-1: Foul Ball, location: 2F 1-2: Strikes out looking
|
| Bottom of the 2nd over - 1 run, 2 hits, 0 errors, 1 left on base; Boston 0 - Montreal 3 |
| TOP OF THE 3RD |
|
Boston Red Sox batting - Pitching for Montreal Expos : RHP Julian Black
|
|
Batting: SHB Greg Shaw
|
0-0: Ball 1-0: Foul Ball, location: 2F 1-1: Ball 2-1: Ball 3-1: Foul Ball, location: 2F 3-2: SOLO HOME RUN (Flyball, 9D, EV 95.0 MPH), Distance : 375 ft
|
|
Batting: RHB John Chiesa
|
0-0: Foul Ball, location: 2F 0-1: Ground out 6-3 (Groundball, 6, EV 83.1 MPH)
|
|
Batting: SHB Willie Koviak
|
0-0: Called Strike 0-1: Ball 1-1: Foul Ball, location: 2F 1-2: Strikes out swinging
|
|
Batting: RHB Elijah Campbell
|
0-0: Called Strike 0-1: SINGLE (Groundball, 34D, EV 96.2 MPH)
|
|
Batting: LHB Tim Fuller
|
0-0: Fly out, F6 (Line Drive, 6, EV 66.9 MPH)
|
| Top of the 3rd over - 1 run, 2 hits, 0 errors, 1 left on base; Boston 1 - Montreal 3 |
| BOTTOM OF THE 3RD |
|
Montreal Expos batting - Pitching for Boston Red Sox : RHP Reece Nichols
|
|
Batting: LHB Austin Ohmer
|
0-0: Ball 1-0: SINGLE (Line Drive, 78S, EV 89.4 MPH)
|
|
Batting: RHB Jonathan Fraire
|
0-0: Swinging Strike 0-1: Foul Ball, location: 2F 0-2: Strikes out swinging
|
|
Batting: LHB Steve Anderson
|
0-0: Called Strike 0-1: Foul Ball, location: 2F 0-2: Ball 1-2: Ball 2-2: Strikes out swinging
|
|
Batting: LHB Eric Toney
|
0-0: Foul Ball, location: 2F 0-1: Called Strike Austin Ohmer steals 2nd base (no throw) 0-2: DOUBLE (Line Drive, 3D, EV 108.1 MPH) Austin Ohmer scores
|
|
Batting: RHB Tommie Eaton
|
0-0: Ball 1-0: Foul Ball, location: 2F 1-1: Ball 2-1: SINGLE (Flyball, 56D, EV 87.5 MPH) Eric Toney to third Runner from 3rd tries for Home, SAFE, throw by LF to home
|
|
Pitching: LHP Adam Schneidewind
|
|
|
Batting: RHB Eugênio Asceno
|
0-0: Called Strike 0-1: Ball 1-1: SINGLE (Groundball, 6MD, EV 103.1 MPH) Tommie Eaton to second
|
|
Batting: LHB Bill McGregor
|
0-0: SINGLE (Groundball, 56D, EV 107.5 MPH) Tommie Eaton to third Eugênio Asceno to second Runner from 3rd tries for Home, throw by LF and OUT! 7-2
|
| Bottom of the 3rd over - 2 runs, 5 hits, 0 errors, 2 left on base; Boston 1 - Montreal 5 |
| TOP OF THE 4TH |
|
Boston Red Sox batting - Pitching for Montreal Expos : RHP Julian Black
|
|
Batting: LHB Kevin McCormic Jr.
|
0-0: Called Strike 0-1: SINGLE (Groundball, 25, EV 67.5 MPH) (infield hit)
|
|
Batting: RHB David Price Jr.
|
0-0: Foul Ball, location: 2F 0-1: Ball 1-1: Foul Ball, location: 2F 1-2: Foul Ball, location: 2F 1-2: Ball 2-2: Ball 3-2: Foul Ball, location: 2F 3-2: Grounds into double play, 5-4-3 (Groundball, 56S, EV 88.1 MPH)
|
|
Batting: LHB Jarrett Mordecai
|
0-0: Called Strike 0-1: Called Strike 0-2: Ball 1-2: Foul Ball, location: 2F 1-2: Strikes out swinging
|
| Top of the 4th over - 0 runs, 1 hit, 0 errors, 0 left on base; Boston 1 - Montreal 5 |
| BOTTOM OF THE 4TH |
|
Montreal Expos batting - Pitching for Boston Red Sox : LHP Adam Schneidewind
|
|
Batting: RHB Steve French
|
0-0: Ball 1-0: Swinging Strike 1-1: Called Strike 1-2: Foul Ball, location: 2F 1-2: Ball 2-2: Strikes out swinging
|
|
Batting: SHB Joey Pacheco
|
0-0: Fly out, F9 (Flyball, 9D, EV 101.9 MPH)
|
|
Batting: LHB Austin Ohmer
|
0-0: Called Strike 0-1: Ball 1-1: Swinging Strike 1-2: DOUBLE (Line Drive, 7LM, EV 98.8 MPH)
|
|
Batting: RHB Jonathan Fraire
|
0-0: Called Strike 0-1: Foul Ball, location: 2F 0-2: Fly out, F8 (Flyball, 8LS, EV 78.1 MPH)
|
| Bottom of the 4th over - 0 runs, 1 hit, 0 errors, 1 left on base; Boston 1 - Montreal 5 |
| TOP OF THE 5TH |
|
Boston Red Sox batting - Pitching for Montreal Expos : RHP Julian Black
|
|
Batting: LHB Sakae Kasahara
|
0-0: Ball 1-0: Called Strike 1-1: Ball 2-1: SOLO HOME RUN (Flyball, 9LD, EV 95.0 MPH), Distance : 338 ft
|
|
Batting: SHB Greg Shaw
|
0-0: Called Strike 0-1: Ball 1-1: Called Strike 1-2: Strikes out looking
|
|
Batting: RHB John Chiesa
|
0-0: Ball 1-0: Foul Ball, location: 2F 1-1: Ball 2-1: DOUBLE (Line Drive, 3D, EV 107.5 MPH)
|
|
Batting: SHB Willie Koviak
|
0-0: Ball 1-0: Ball 2-0: Called Strike 2-1: Ball 3-1: Base on Balls
|
|
Batting: RHB Elijah Campbell
|
0-0: Ball 1-0: Called Strike 1-1: Fly out, F8 (Flyball, 8LXD, EV 104.4 MPH) Runner from 2nd tags up, SAFE at 3rd, no throw by CF
|
|
Batting: LHB Tim Fuller
|
0-0: Ball 1-0: DOUBLE (Flyball, 89XD, EV 98.1 MPH) John Chiesa scores Willie Koviak to third
|
|
Batting: LHB Kevin McCormic Jr.
|
0-0: Called Strike 0-1: Ball 1-1: Swinging Strike 1-2: Ground out 6-3 (Groundball, 6, EV 85.6 MPH)
|
| Top of the 5th over - 2 runs, 3 hits, 0 errors, 2 left on base; Boston 3 - Montreal 5 |
| BOTTOM OF THE 5TH |
|
Montreal Expos batting - Pitching for Boston Red Sox : LHP Adam Schneidewind
|
|
Batting: LHB Steve Anderson
|
0-0: Called Strike 0-1: Swinging Strike 0-2: Ground out 6-3 (Groundball, 6, EV 86.2 MPH)
|
|
Batting: LHB Eric Toney
|
0-0: Ball 1-0: Swinging Strike 1-1: Ball 2-1: Called Strike 2-2: Fly out, F7 (Flyball, 7LM, EV 90.0 MPH)
|
|
Batting: RHB Tommie Eaton
|
0-0: Ball 1-0: Ball 2-0: Called Strike 2-1: Called Strike 2-2: Foul Ball, location: 2F 2-2: Ball 3-2: Base on Balls
|
|
Batting: RHB Eugênio Asceno
|
0-0: Ball 1-0: Swinging Strike 1-1: Ball 2-1: 2-RUN HOME RUN (Flyball, 78XD, EV 99.4 MPH), Distance : 378 ft
|
|
Pitching: LHP John Hotham
|
|
|
Batting: LHB Bill McGregor
|
0-0: Called Strike 0-1: Called Strike 0-2: Ball 1-2: Strikes out swinging
|
| Bottom of the 5th over - 2 runs, 1 hit, 0 errors, 0 left on base; Boston 3 - Montreal 7 |
| TOP OF THE 6TH |
|
Boston Red Sox batting - Pitching for Montreal Expos : RHP Julian Black
|
|
Batting: RHB David Price Jr.
|
0-0: Ball 1-0: Foul Ball, location: 2F 1-1: Ball 2-1: Foul Ball, location: 2F 2-2: Foul Ball, location: 2F 2-2: Ball 3-2: Foul Ball, location: 2F 3-2: Foul Ball, location: 2F 3-2: SINGLE (Groundball, 34S, EV 70.6 MPH) (infield hit)
|
|
Batting: LHB Jarrett Mordecai
|
0-0: Ball 1-0: Fly out, F8 (Flyball, 8RM, EV 90.6 MPH)
|
|
Batting: LHB Sakae Kasahara
|
0-0: SINGLE (Flyball, 8LS, EV 93.8 MPH) David Price Jr. to second
|
|
Batting: SHB Greg Shaw
|
0-0: Foul Ball, location: 2F 0-1: Ball 1-1: Fly out, F9 (Flyball, 9D, EV 106.2 MPH) Runner from 2nd tags up, SAFE at 3rd, no throw by RF
|
|
Batting: RHB John Chiesa
|
0-0: Fly out, F9 (Flyball, 9D, EV 86.9 MPH)
|
| Top of the 6th over - 0 runs, 2 hits, 0 errors, 2 left on base; Boston 3 - Montreal 7 |
| BOTTOM OF THE 6TH |
|
Montreal Expos batting - Pitching for Boston Red Sox : LHP John Hotham
|
|
Batting: RHB Steve French
|
0-0: Ball 1-0: Ball 2-0: Fly out, F8 (Flyball, 8RXD, EV 80.6 MPH)
|
|
Batting: SHB Joey Pacheco
|
0-0: Ball 1-0: Called Strike 1-1: Foul Ball, location: 2F 1-2: Ball 2-2: Ball 3-2: Strikes out swinging
|
|
Batting: LHB Austin Ohmer
|
0-0: Ball 1-0: Called Strike 1-1: Ball 2-1: Foul Ball, location: 2F 2-2: Ball 3-2: Foul Ball, location: 2F 3-2: Ground out 6-3 (Groundball, 4M, EV 81.2 MPH)
|
| Bottom of the 6th over - 0 runs, 0 hits, 0 errors, 0 left on base; Boston 3 - Montreal 7 |
| TOP OF THE 7TH |
|
Boston Red Sox batting - Pitching for Montreal Expos : RHP Julian Black
|
|
Batting: SHB Willie Koviak
|
0-0: Called Strike 0-1: Foul Ball, location: 2F 0-2: Ball 1-2: Ball 2-2: Ground out 6-3 (Groundball, 56, EV 92.5 MPH)
|
|
Pitching: RHP Joel Montenegro
|
|
|
Batting: RHB Elijah Campbell
|
0-0: Called Strike 0-1: Swinging Strike 0-2: Foul Ball, location: 2F 0-2: Ball 1-2: Ground out 5-3 (Groundball, 56, EV 80.0 MPH)
|
|
Batting: LHB Tim Fuller
|
0-0: Swinging Strike 0-1: Fly out, F7 (Flyball, 7S, EV 98.1 MPH)
|
| Top of the 7th over - 0 runs, 0 hits, 0 errors, 0 left on base; Boston 3 - Montreal 7 |
| BOTTOM OF THE 7TH |
|
Montreal Expos batting - Pitching for Boston Red Sox : LHP John Hotham
|
|
Batting: RHB Jonathan Fraire
|
0-0: Called Strike 0-1: SOLO HOME RUN (Flyball, 89XD, EV 108.1 MPH), Distance : 418 ft
|
|
Batting: LHB Steve Anderson
|
0-0: Called Strike 0-1: Fly out, F3 (Line Drive, 3L, EV 71.2 MPH)
|
|
Batting: LHB Eric Toney
|
0-0: Called Strike 0-1: Ball 1-1: Fly out, F9 (Flyball, 9, EV 78.1 MPH)
|
|
Batting: RHB Tommie Eaton
|
0-0: Ball 1-0: Called Strike 1-1: Ball 2-1: Fly out, F9 (Flyball, 9, EV 81.9 MPH)
|
| Bottom of the 7th over - 1 run, 1 hit, 0 errors, 0 left on base; Boston 3 - Montreal 8 |
| TOP OF THE 8TH |
|
Boston Red Sox batting - Pitching for Montreal Expos : RHP Joel Montenegro
|
|
Now at 2B: Danny Diaz
|
|
|
Batting: LHB Kevin McCormic Jr.
|
0-0: Ball 1-0: Ball 2-0: SINGLE (Groundball, 4MD, EV 98.8 MPH)
|
|
Batting: RHB David Price Jr.
|
0-0: Ball 1-0: Swinging Strike 1-1: Foul Ball, location: 2F 1-2: Foul Ball, location: 2F 1-2: Fly out, F8 (Flyball, 8RD, EV 95.0 MPH)
|
|
Batting: LHB Jarrett Mordecai
|
0-0: Swinging Strike 0-1: Ball 1-1: Ball 2-1: Ball 3-1: Base on Balls Kevin McCormic Jr. to second
|
|
Batting: LHB Sakae Kasahara
|
0-0: Swinging Strike 0-1: Called Strike 0-2: Strikes out looking
|
|
Batting: SHB Greg Shaw
|
0-0: Ball 1-0: Foul Ball, location: 2F 1-1: Called Strike 1-2: Strikes out swinging
|
| Top of the 8th over - 0 runs, 1 hit, 0 errors, 2 left on base; Boston 3 - Montreal 8 |
| BOTTOM OF THE 8TH |
|
Montreal Expos batting - Pitching for Boston Red Sox : LHP John Hotham
|
|
Pitching: RHP John Jordan
|
|
|
Batting: RHB Eugênio Asceno
|
0-0: Ball 1-0: Called Strike 1-1: SINGLE (Groundball, 4MD, EV 98.8 MPH)
|
|
Batting: LHB Bill McGregor
|
0-0: Ball 1-0: Ball 2-0: Called Strike 2-1: Called Strike Eugênio Asceno steals 2nd base (no throw) 2-2: Foul Ball, location: 2F 2-2: Ball 3-2: Base on Balls
|
|
Batting: RHB Steve French
|
0-0: Ball 1-0: Called Strike 1-1: Swinging Strike 1-2: Strikes out looking
|
|
Batting: SHB Joey Pacheco
|
0-0: Ball 1-0: Swinging Strike 1-1: 3-RUN HOME RUN (Flyball, 89XD, EV 97.5 MPH), Distance : 376 ft
|
|
Batting: LHB Austin Ohmer
|
0-0: Ball 1-0: Ball 2-0: Swinging Strike 2-1: Ball 3-1: Foul Ball, location: 2F 3-2: SINGLE (Line Drive, 6MD, EV 96.9 MPH)
|
|
Batting: RHB Jonathan Fraire
|
0-0: Ball 1-0: 2-RUN HOME RUN (Flyball, 89XD, EV 98.8 MPH), Distance : 393 ft
|
|
Pitching: RHP Jon Mercado
|
|
|
Batting: RHB Danny Diaz
|
0-0: Ball 1-0: Called Strike 1-1: Foul Ball, location: 2F 1-2: Strikes out swinging
|
|
Batting: LHB Eric Toney
|
0-0: Ground out 4-3 (Groundball, 4M, EV 83.1 MPH)
|
| Bottom of the 8th over - 5 runs, 4 hits, 0 errors, 0 left on base; Boston 3 - Montreal 13 |
| TOP OF THE 9TH |
|
Boston Red Sox batting - Pitching for Montreal Expos : RHP Joel Montenegro
|
|
Batting: RHB John Chiesa
|
0-0: Foul Ball, location: 2F 0-1: Ball 1-1: Called Strike 1-2: Foul Ball, location: 2F 1-2: Fly out, F8 (Flyball, 8RM, EV 88.1 MPH)
|
|
Batting: SHB Willie Koviak
|
0-0: Fly out, F8 (Flyball, 8LD, EV 74.4 MPH)
|
|
Batting: RHB Elijah Campbell
|
0-0: Ball 1-0: Ball 2-0: Called Strike 2-1: Ball 3-1: Fly out, F9 (Flyball, 9D, EV 94.4 MPH)
|
| Top of the 9th over - 0 runs, 0 hits, 0 errors, 0 left on base; Boston 3 - Montreal 13 |
|